 Dungeon Sprint DCSS version 0.28-a0-851-g8b9cc49659 (webtiles) character file.

Game seed: 8757730750038768281

2793 mhtbhm the Basher (level 9, -2/92 HPs)
             Began as a Minotaur Fighter on Nov 14, 2021.
             Was an Elder of Okawaru.
             Slain by a centaur warrior (4 damage)
             ... in the Dungeon (Sprint IX: "|||||||||||||||||||||||||||||").
             The game lasted 00:01:17 (526 turns).

mhtbhm the Basher (Minotaur Fighter)                 Turns: 526, Time: 00:01:17

Health: -2/92      AC: 12    Str: 23    XL:     9   Next: 43%
Magic:  7/12       EV: 14    Int:  5    God:    Okawaru [****..]
Gold:   0          SH:  7    Dex: 14    Spells: 8/8 levels left

rFire   . . .      SeeInvis .   a - +0 flail
rCold   . . .      Faith    .   c - +0 buckler
rNeg    . . .      Spirit   .   b - +1 scale mail
rPois   .          Reflect  .   (helmet restricted)
rElec   .          Harm     .   (no cloak)
rCorr   .          Rampage  .   m - +0 pair of gloves
Will    .....      NoTele   +   (no boots)
Stlth   ..........              (no amulet)
HPRegen 0.25/turn               n - +3 ring of dexterity
MPRegen 0.13/turn               o - +2 ring of evasion

@: no status effects
A: horns 2, retaliatory headbutt
a: Renounce Religion, Heroism, Finesse


You were in the Dungeon.
You worshipped Okawaru.
Okawaru was greatly pleased with you.
You visited 1 branch

Inventory:

Hand Weapons
 a - a +0 flail (weapon)
Armour
 b - a +1 scale mail (worn)
 c - a +0 buckler (worn)
 m - a +0 pair of gloves (worn)
Jewellery
 n - a +3 ring of dexterity (left hand)
 o - a +2 ring of evasion (right hand)
Wands
 l - a wand of acid (4)
Scrolls
 j - 2 scrolls of blinking
 k - 2 scrolls of amnesia
Potions
 d - a potion of might
 e - 5 potions of curing
 g - a potion of haste
 h - 4 potions of magic
 i - a potion of invisibility


   Skills:
 + Level 12.8 Fighting
 + Level 13.5 Maces & Flails
 + Level 12.6 Armour
 + Level 3.8 Dodging
 + Level 12.0 Shields
 * Level 5.9 Invocations
 + Level 2.7 Evocations


You had 8 spell levels left.
You didn't know any spells.
Your spell library was empty.

Dungeon Overview and Level Annotations

Branches:
Dungeon (1/1)

Altars:
Cheibriados
Dithmenos
Elyvilon
Fedhas
Gozag
Hepliaklqana
Kikubaaqudgha
Makhleb
Nemelex Xobeh
Okawaru
Qazlal
Ru
Sif Muna
Trog
Uskayaw
Vehumet
Wu Jian
Xom
Yredelemnul
Zin
The Shining One
Beogh
Jiyva
Lugonu


Innate Abilities, Weirdness & Mutations

You have a pair of horns on your head.
You reflexively headbutt those who attack you in melee.


Message History

The centaur warrior hits you but does no damage.
The centaur warrior kicks you.
* * * LOW HITPOINT WARNING * * *
You closely miss the centaur warrior. You headbutt the centaur warrior.
You kill the centaur warrior!
Okawaru is honoured by your kill.
You can now speed up your combat.
Your Fighting skill increases to level 12!
Your Maces & Flails skill increases to level 13!
Your Armour skill increases to level 12!
Your Invocations skill increases to level 5!
You have reached level 9!
Your experience leads to an increase in your attributes!
Your base attributes are Str 22, Int 5, Dex 11.
Increase (S)trength, (I)ntelligence, or (D)exterity?
You feel stronger.
Unknown command.
You block the cyclops's attack.
Things that are here:
a +0 shortbow; 24 arrows; a centaur corpse You thump the cyclops!
You kill the cyclops!
Okawaru is honoured by your kill.
The centaur warrior is no longer covered in acid.
The centaur warrior wields a +0 shortbow.
The centaur warrior shoots an arrow.
The arrow hits you!
* * * LOW HITPOINT WARNING * * *
Your Shields skill increases to level 12!
Unknown command.
You feel much better.
The centaur warrior shoots an arrow.
The arrow hits you!!
* * * LOW HITPOINT WARNING * * *
The centaur warrior unwields a +0 shortbow.
The centaur warrior hits you!
* * * LOW HITPOINT WARNING * * *
The centaur warrior kicks you but does no damage.
Things that are here:
5 large rocks; a +0 flail You hit the centaur warrior but do no damage.
The centaur warrior is lightly wounded.
The centaur warrior hits you.
You die...

▓+▓
▓.▓
▓H▓
▓c▓
▓@▓
▓)▓
▓)▓
▓'▓
▓.▓
▓.▓
▓.▓
▓.▓
▓.▓


You could see a centaur warrior and a manticore.

Vanquished Creatures
  2 centaur warriors (D)
  A two-headed ogre (D)
  A cyclops (D)
  A gargoyle (D)
  A yak (D)
  A phantom (D)
  A kobold brigand (D)
  2 killer bees (D)
  An orc priest (D)
  An adder (D)
  An adder zombie (D)
  A worm (D)
  An orc (D)
  A kobold (D)
  A ball python (D)
  A bat (D)
  2 rats (D)
20 creatures vanquished.

Notes
Turn   | Place    | Note
-------+----------+-------------------------------------------
     0 | D        | mhtbhm the Minotaur Fighter began the quest for the Orb.
     0 | D        | Reached XP level 1. HP: 19/19 MP: 0/0
    18 | D        | Noticed a phantom
    18 | D        | Noticed an orc priest
    23 | D        | Reached skill level 3 in Maces & Flails
    23 | D        | Reached XP level 2. HP: 28/28 MP: 1/1
    26 | D        | Reached skill level 5 in Fighting
    26 | D        | Reached skill level 4 in Maces & Flails
    26 | D        | Reached skill level 5 in Armour
    26 | D        | Reached skill level 5 in Shields
    26 | D        | Reached XP level 3. HP: 36/36 MP: 2/2
    35 | D        | Killed a phantom
    36 | D        | Reached skill level 5 in Maces & Flails
    36 | D        | Reached XP level 4. HP: 44/45 MP: 3/3
    65 | D        | Found a snail-covered altar of Cheibriados.
    65 | D        | Found a shadowy altar of Dithmenos.
    65 | D        | Found a white marble altar of Elyvilon.
    65 | D        | Found a blossoming altar of Fedhas.
    65 | D        | Found an opulent altar of Gozag.
    66 | D        | Found a hazy altar of Hepliaklqana.
    67 | D        | Found a viscous altar of Jiyva.
    68 | D        | Found an ancient bone altar of Kikubaaqudgha.
    69 | D        | Found a corrupted altar of Lugonu.
    70 | D        | Found a burning altar of Makhleb.
    71 | D        | Found a sparkling altar of Nemelex Xobeh.
    72 | D        | Found an iron altar of Okawaru.
    73 | D        | Found a stormy altar of Qazlal.
    74 | D        | Found a sacrificial altar of Ru.
    75 | D        | Found a shimmering blue altar of Sif Muna.
    76 | D        | Found a bloodstained altar of Trog.
    77 | D        | Found a hide-covered altar of Uskayaw.
    78 | D        | Found a radiant altar of Vehumet.
    79 | D        | Found an ornate altar of the Wu Jian Council.
    82 | D        | Became a worshipper of Warmaster Okawaru
    83 | D        | Found a shimmering altar of Xom.
    84 | D        | Found a basalt altar of Yredelemnul.
    85 | D        | Found a glowing silver altar of Zin.
    86 | D        | Found a glowing golden altar of the Shining One.
   133 | D        | Noticed a yak
   133 | D        | Noticed a kobold brigand
   133 | D        | Noticed a two-headed ogre
   136 | D        | Reached skill level 6 in Maces & Flails
   136 | D        | Reached skill level 1 in Dodging
   136 | D        | Reached XP level 5. HP: 51/52 MP: 4/4
   138 | D        | Killed a two-headed ogre
   138 | D        | Reached * piety under Okawaru
   139 | D        | Reached skill level 10 in Fighting
   139 | D        | Reached skill level 10 in Maces & Flails
   139 | D        | Reached skill level 10 in Armour
   139 | D        | Reached skill level 10 in Shields
   139 | D        | Reached skill level 1 in Evocations
   139 | D        | Reached XP level 6. HP: 10/67 MP: 5/5
   139 | D        | Reached XP level 7. HP: 11/73 MP: 6/6
   143 | D        | Killed a yak
   143 | D        | Reached ** piety under Okawaru
   508 | D        | Noticed a manticore
   508 | D        | Noticed a centaur warrior
   508 | D        | Noticed a cyclops
   508 | D        | Noticed a gargoyle
   508 | D        | Noticed a centaur warrior
   508 | D        | Noticed a centaur warrior
   514 | D        | Killed a gargoyle
   515 | D        | Reached skill level 11 in Maces & Flails
   515 | D        | Reached XP level 8. HP: 40/82 MP: 6/8
   518 | D        | Killed a centaur warrior
   518 | D        | Reached *** piety under Okawaru
   519 | D        | Reached skill level 12 in Maces & Flails
   521 | D        | Killed a centaur warrior
   521 | D        | Reached **** piety under Okawaru
   522 | D        | Reached skill level 13 in Maces & Flails
   522 | D        | Reached skill level 5 in Invocations
   522 | D        | Reached XP level 9. HP: 19/91 MP: 6/12
   523 | D        | Killed a cyclops
   525 | D        | HP: 1/92 [centaur warrior (12)]
   526 | D        | Slain by a centaur warrior

Illustrated notes

Levels and vault maps discovered:
D:        linesprint [early_d, line_temple, items_1, d_10, items_2, lair_1,
          lair_end, items_3, orc_1, orc_end, items_4, d_15, swamp_1, shoals_1,
          snake_1, spider_1, d_20, vaults_1, items_5, swamp_end, shoals_end,
          snake_end, spider_end, vaults_end, d_27, items_6, zot_1, zot_end,
          crypt_end, forest_end, elf_end, slime_end, tomb_end, abyss_end,
          pan_hell_end]

Skill      XL: |  1  2  3  4  5  6  7  8  9 |
---------------+----------------------------+-----
Fighting       | 4 5 6 7 10 11 12 | 12.8
Armour         | 4 5 6 7 10 11 12 | 12.6
Shields        | 4 5 6 7 10 11 12 | 12.0
Maces & Flails | 3 4 5 6 10 11 13 | 13.5
Dodging        | 1 2 3 |  3.8
Evocations     | 1 2 |  2.7
Invocations    | 2 5 |  5.9

Action                   |  1- 3 |  4- 6 |  7- 9 || total
-------------------------+-------+-------+-------++-------
Melee: Flail             |    23 |     2 |    14 ||    39
       Headbutt          |     4 |     1 |     3 ||     8
Evoke: Wand              |       |     3 |     3 ||     6
  Use: Potion            |     1 |       |     3 ||     4
Armor: Scale mail        |     4 |       |    10 ||    14
Dodge: Dodged            |     8 |     2 |     6 ||    16
Block: Buckler           |     3 |     1 |    11 ||    15

Table legend: (Time is in decaauts)
 A = Elapsed time spent in this place.
 B = Non-inter-level travel time spent in this place.
 C = Inter-level travel time spent in this place.
 D = Time resting spent in this place.
 E = Time spent auto-exploring this place.
 F = Levels seen in this place.
 G = Mean time per level.
                   A        B        C        D        E       F      G
               +--------+--------+--------+--------+--------+-----+--------+
         Total |    533 |    533 |      0 |    389 |      3 |   1 |  533.0 |
       Dungeon |    533 |    533 |      0 |    389 |      3 |   1 |  533.0 |
               +--------+--------+--------+--------+--------+-----+--------+

Top non-repeatable levels by time:
       D: 533 daAuts
